 Dungeon Crawl Stone Soup version 0.22-a0-231-g75390ab (webtiles) character file.

118 puppykicker the Slasher (level 4, -6/29 HPs)
             Began as a High Elf Skald on Apr 2, 2018.
             Mangled by an ogre
             ... wielding a +0 giant club
              (11 damage)
             ... on level 3 of the Dungeon.
             The game lasted 00:05:18 (2151 turns).

puppykicker the Slasher (High Elf Skald)            Turns: 2151, Time: 00:05:19

Health: -6/29      AC:  4    Str: 11    XL:     4   Next: 72%
Magic:  2/8        EV: 12    Int: 16    God:
Gold:   143        SH:  0    Dex: 15    Spells: 2/7 levels left

rFire    . . .     SeeInvis .   a - +1 long sword
rCold    . . .     Gourm    .   (no shield)
rNeg     + . .     Faith    .   b - +1 leather armour
rPois    .         Spirit   .   (no helmet)
rElec    .         Reflect  .   (no cloak)
rCorr    .         Harm     .   (no gloves)
MR       .....                  (no boots)
Stlth    +.........             h - amulet of magic regeneration
HPRegen  0.09/turn              m - ring of positive energy
MPRegen  0.36/turn              (no ring)

@: infused, singing
A: no striking features
a: no special abilities


You were on level 3 of the Dungeon.
You were not hungry.

You visited 1 branch of the dungeon, and saw 3 of its levels.

You collected 143 gold pieces.


   Skills:
 - Level 2.0 Fighting
 * Level 5.5 Long Blades
 - Level 0.8 Armour
 - Level 2.1 Dodging
 - Level 2.4 Spellcasting
 + Level 4.3 Charms


You had 2 spell levels left.
You knew the following spells:

 Your Spells              Type           Power        Failure   Level  Hunger
k - Shroud of Golubria    Chrm/Tloc      #.........   16%         2    ###....
s - Infusion              Chrm           ###.         4%          1    #......
w - Song of Slaying       Chrm           ###.....     6%          2    ###....

Inventory:

Hand Weapons
 a - a +1 long sword (weapon)
Missiles
 j - 28 arrows
 q - 18 poisoned needles
Armour
 b - a +1 leather armour (worn)
Jewellery
 h - an amulet of magic regeneration (around neck)
 m - a ring of positive energy (left hand)
Wands
 f - a wand of random effects (10)
Scrolls
 e - 2 scrolls of teleportation
 g - a scroll of enchant weapon
 i - a scroll of identify {unknown}
 l - a scroll of fog {unknown}
 o - a scroll of enchant armour
 p - a scroll of amnesia {unknown}
Potions
 k - 2 potions of curing
Books
 c - a book of Battle
Comestibles
 d - 5 rations
 n - 8 chunks of flesh {@w1}

Dungeon Overview and Level Annotations

Branches:
Dungeon (3/15)

Altars:
Trog

#.........##.........#
#.........##.........#
#.........##.........#
#......<..##.........###
#.........# ............
#.........###.......#...
#.........##....$.......
#...(.....##.......$!...
#.#####...@O............
..#####.......#.)#............
....<....#######.#............
..#####.## #.#........#...
........# ...........# ##
..#####)# ........###...
#................ #..#
#.........[......# ....
..#............... ...


You could see an ogre.


Message History

Found 9 gold pieces.
A goblin comes into view. It is wielding a club.
The goblin shouts!
Found a viscous sapphire potion.
A goblin is nearby!
An ogre comes into view. It is wielding a giant club.
A goblin comes into view.
The goblin shouts!
The ogre shouts!
You hit the goblin.
The goblin is severely wounded.
The goblin closely misses you.
You start singing a song of slaying.
The goblin hits you with a club.
You begin infusing your attacks with magical energy.
You hit the goblin.
You kill the goblin!
The goblin hits you but does no damage.
You hit the goblin!
You kill the goblin!
The ogre barely misses you.
You hit the ogre.
The ogre is lightly wounded.
You hit the ogre.
The ogre is moderately wounded.
The ogre hits you with a giant club!!
Ouch! That really hurt!
* * * LOW HITPOINT WARNING * * *
You slash the ogre!
The ogre is severely wounded.
The ogre hits you with a giant club!
You die...

Action                   |  1- 3 |  4- 6 || total
-------------------------+-------+-------++-------
Melee: Falchion          |    58 |       ||    58
       Long sword        |    46 |    34 ||    80
 Cast: Infusion          |     4 |     1 ||     5
       Song of Slaying   |       |     2 ||     2
Evoke: Wand              |       |     5 ||     5
  Use: Potion            |     1 |       ||     1
       Scroll            |       |     3 ||     3
 Stab: Sleeping          |     1 |       ||     1
       Paralysed         |       |     1 ||     1
  Eat: Chunk             |     1 |     3 ||     4
Armor: Leather armour    |    25 |     9 ||    34
Dodge: Dodged            |    71 |    30 ||   101
       Rpst.: Falchion   |    11 |       ||    11
       Long sword        |    11 |    15 ||    26

Vault maps used:
D:1:      eino_arrival_druids_welcome
D:2:      marbit_many_paths, minmay_misc_feat_pillars, grunt_ministairs_1
D:3:      uniq_natasha

Notes
Turn   | Place    | Note
-------+----------+-------------------------------------------
     0 | D:1      | puppykicker the High Elf Skald began the quest for the Orb.
     0 | D:1      | Reached XP level 1. HP: 14/14 MP: 4/4
   139 | D:1      | Reached skill level 3 in Long Blades
   236 | D:1      | Reached XP level 2. HP: 19/19 MP: 6/6
   247 | D:1      | Learned a level 2 spell: Shroud of Golubria
   720 | D:2      | Reached skill level 4 in Long Blades
   993 | D:2      | Reached XP level 3. HP: 24/24 MP: 7/7
  1053 | D:2      | Learned a level 2 spell: Song of Slaying
  1184 | D:2      | Reached skill level 4 in Charms
  1238 | D:2      | Reached XP level 4. HP: 12/29 MP: 8/8
  1677 | D:2      | Reached skill level 5 in Long Blades
  1783 | D:2      | Found a bloodstained altar of Trog.
  2136 | D:3      | Noticed an ogre
  2151 | D:3      | Mangled by an ogre

Vanquished Creatures
  5 adders
  An ooze (D:3)
  A worm (D:2)
  4 dart slugs
  2 leopard geckos (D:2)
  An orc (D:3)
  2 giant cockroaches
  4 goblins
  7 hobgoblins
  4 jackals (D:3)
  A quokka (D:2)
  A ball python (D:1)
  5 bats
  3 frilled lizards
  9 kobolds
  5 rats (D:2)
55 creatures vanquished.
